 Dungeon Crawl Stone Soup version 0.20.2-3-g29329e0561 (webtiles) character file.

105 Alfie the Skirmisher (level 4, 0/40 HPs)
             Began as a Hill Orc Fighter on Mar 1, 2024.
             Succumbed to an adder's poison
             ... on level 3 of the Dungeon.
             The game lasted 00:04:01 (1752 turns).

Alfie the Skirmisher (Hill Orc Fighter)             Turns: 1752, Time: 00:04:02

Health: 0/40       AC:  9    Str: 19    XL:     4   Next: 81%
Magic:  4/4        EV:  7    Int:  8    God:
Gold:   129        SH:  9    Dex: 10    Spells: 3/3 levels left

rFire    . . .     SeeInvis .   a - +0 rapier
rCold    . . .     Gourm    .   c - +0 shield
rNeg     . . .     Faith    .   b - +0 scale mail
rPois    .         Spirit   .   (no helmet)
rElec    .         Reflect  .   (no cloak)
rCorr    .         Harm     .   m - +0 pair of gloves
MR       .....                  o - +0 pair of boots
Stlth    +.........             (no amulet)
Regen    0.2/turn               k - ring of stealth
MPRegen  0.1/turn               (no ring)

@: lethally poisoned (0 -> -13)
A: no striking features
a: no special abilities


You were on level 3 of the Dungeon.
You were not hungry.

You visited 1 branch of the dungeon, and saw 3 of its levels.

You collected 129 gold pieces.

Inventory:

Hand Weapons
 a - a +0 rapier (weapon)
Armour
 b - a +0 scale mail (worn)
 c - a +0 shield (worn)
 m - a +0 pair of gloves (worn)
 o - a +0 pair of boots (worn)
Jewellery
 k - a ring of stealth (left hand)
Scrolls
 e - 3 scrolls of identify {unknown}
 h - a scroll of magic mapping {unknown}
 j - 2 scrolls of remove curse {unknown}
 r - a scroll of fog {unknown}
Potions
 d - a potion of might
 i - a potion of heal wounds {unknown}
 l - 2 potions of curing
 n - a potion of magic {unknown}
 p - a potion of lignification {unknown}
 q - a potion of haste {unknown}
Comestibles
 f - 2 bread rations
 g - 2 meat rations


   Skills:
 + Level 4.2 Fighting
 + Level 3.2 Short Blades
 + Level 3.9 Armour
 + Level 0.5 Dodging
 + Level 3.9 Shields


You had 3 spell levels left.
You didn't know any spells.

Dungeon Overview and Level Annotations

Branches:
Dungeon (3/15)

Altars:

Portals:
Sewer: D:3


Message History

The adder is lightly wounded.
* * * LOW HITPOINT WARNING * * *
You feel sick. The adder bites you but does no damage. The adder bites you.
* * * LOW HITPOINT WARNING * * *
You barely miss the adder.
The adder is lightly wounded.
* * * LOW HITPOINT WARNING * * *
You feel sick. You block the adder's attack. x2
You hit the adder.
The adder is severely wounded.
* * * LOW HITPOINT WARNING * * *
You feel sick. The adder bites you but does no damage.
You block the adder's attack.
The phantom blinks!
The adder bites you but does no damage. The adder bites you.
* * * LOW HITPOINT WARNING * * *
You are more poisoned.
The adder poisons you!
You closely miss the adder.
The adder is severely wounded.
You die...

.... .... ### .....
..## ##.....##?.#
###..W.......#
...#######§. .
###.#≈≈≈≈≈#S#
############ P#
....#≈≈∩≈sS@#
#........... ...
#.#≈≈≈≈≈#.#
#........... ./.
##.#######.#
#.......)...
...####....).....#
#.........).
..........<#+#.###
#...........
.........###+#.####
#...........
..................#
#...........
.........##.......#
########....
.........##.......#
#....


You could see a phantom, 2 adders and a giant cockroach.

Vanquished Creatures
  Natasha (D:3)
  An adder (D:3)
  An ooze (D:1)
  A worm (D:2)
  5 dart slugs
  A leopard gecko (D:3)
  2 orcs (D:3)
  2 giant cockroaches (D:3)
  7 goblins
  7 hobgoblins
  2 jackals (D:3)
  5 kobolds
  7 bats
  5 frilled lizards
  5 rats
52 creatures vanquished.

Notes
Turn   | Place    | Note
-------+----------+-------------------------------------------
     0 | D:1      | Alfie the Hill Orc Fighter began the quest for the Orb.
     0 | D:1      | Reached XP level 1. HP: 19/19 MP: 1/1
   270 | D:1      | Reached XP level 2. HP: 20/27 MP: 2/2
   579 | D:1      | Reached XP level 3. HP: 33/33 MP: 3/3
   597 | D:1      | Reached skill level 4 in Fighting
  1537 | D:3      | Noticed Natasha
  1546 | D:3      | Killed Natasha
  1546 | D:3      | Reached XP level 4. HP: 29/40 MP: 4/4
  1565 | D:3      | Noticed a phantom
  1677 | D:3      | Found a glowing drain.
  1751 | D:3      | HP: 2/40 [poisoned by an adder]
  1752 | D:3      | Succumbed to an adder's poison

Skill      XL: |  1  2  3 |
---------------+----------+-----
Fighting       | 4 |  4.2
Short Blades   | 3 |  3.2
Armour         | |  3.9
Dodging        | |  0.5
Shields        | |  3.9

Action                   |  1- 3 |  4- 6 || total
-------------------------+-------+-------++-------
Melee: Rapier            |   128 |    79 ||   207
  Use: Potion            |       |     1 ||     1
  Eat: Fruit             |     2 |       ||     2
       Bread ration      |       |     1 ||     1
Armor: Scale mail        |    52 |    53 ||   105
Dodge: Dodged            |    22 |    38 ||    60
Block: Shield            |    47 |    58 ||   105
